 Dungeon Crawl Stone Soup version 0.31-a0-744-gbc345e7fcb (webtiles) character file.

Game seed: 13119038451114709150

1744022 tensugalgo the Grand Master (level 27, 197/213 HPs)
             Began as a Merfolk Shapeshifter on Sept 12, 2023.
             Was the Champion of Wu Jian.
             Escaped with the Orb
             ... and 3 runes on Sept 13, 2023!
             The game lasted 02:49:12 (63439 turns).

tensugalgo the Grand Master (Merfolk Shapeshifter) Turns: 63439, Time: 02:49:13

Health: 197/213    AC: 44    Str: 15 (16) XL:     27
Magic:  23/23      EV: 34    Int:  8      God:    Wu Jian [******]
Gold:   3424       SH: 21    Dex: 24      Spells: 24/34 levels left

rFire   + .          .
                       - Unarmed
rCold   . . .        V - +5 kite shield {reflect}
rNeg    + + .        E - melded +0 troll leather armour
rPois   ∞            f - +2 helmet {Int+3}
rElec   +            W - +2 cloak {rCorr}
rCorr   +            K - melded +2 pair of gloves
SInv    .            U - melded +3 pair of seven-league boots {Rampage+∞}
Will    +++..        s - dreamshard necklace {Acrobat *Dream}
Stlth   +            T - ring of Attitude {+Blink rPois rN+ Will+}
HPRegen 0.55/turn    p - ring of protection from fire
MPRegen 0.18/turn

%: reflection, acrobat
@: statue-form, studying 3 skills, very slow
A: slow and powerful, torment resistance 1, boosted hp, (nimble swimmer 2),
mertail, clumsy 1, deformed body, deterioration 1, dopey 2, frail 3, low MP 2,
passive freeze, inhibited regeneration, subdued magic 1, inability to drink
after injury 2
0: Orb of Zot
}: 3/15 runes: serpentine, barnacled, slimy
a: Begin Untransformation, Renounce Religion, Evoke Blink, Wall Jump, Serpent's
Lash, Heavenly Storm


You escaped.
You worshipped Wu Jian.
Wu Jian was exalted by your worship.
You were a living statue of rough stone.
You visited 11 branches of the dungeon, and saw 52 of its levels.
You visited 2 bazaars.
You also visited: Ossuary, Ice Cave, Volcano and Wizlab.

You collected 7034 gold pieces.
You spent 3610 gold pieces at shops.

Inventory:

Missiles
 b - 4 darts of dispersal
 t - 12 throwing nets
 x - 23 javelins
 L - 4 silver javelins
Armour
 f - a +2 helmet of intelligence (worn)
 D - the +2 hat of the Bear Spirit {Spirit, Bear, *Rage Will++}
   (You bought it in a shop on level 1 of the Orcish Mines)

   Bear:      Going berserk makes the wearer exceptionally tough, and they are
   slowed for a shorter time afterward.
   Will++:    It greatly increases your willpower.
   *Rage:     It berserks you when you make melee attacks (+20% chance).
 E - a +0 troll leather armour (melded)
 K - a +2 pair of gloves (melded)
 U - the +3 pair of seven-league boots (melded) {Rampage+∞}
   (You found it on level 4 of the Lair of Beasts)

   Rampage+∞: When moving toward enemies, its wearer moves as far as possible,
   alerting their target en route.
 V - a +5 kite shield of reflection (worn)
 W - a +2 cloak of preservation (worn)
Jewellery
 p - a ring of protection from fire (right fist)
 s - the dreamshard necklace (around neck) {Acrobat *Dream}
   (You found it on level 5 of the Pits of Slime)

   [amulet of the acrobat]

   *Dream:    It absorbs a single lethal wound into itself, holding its wearer
   just short of death and releasing dream-creatures to guard them.
   Acrobat:   It increases your evasion while moving and waiting.
 u - the amulet "Ejoive" {Regen+ Dex+6}
   (You found it on level 5 of the Pits of Slime)

   [amulet of regeneration]

   Dex+6:     It affects your dexterity (+6).
   Regen+:    It increases your rate of health regeneration.
 y - a ring of protection from cold
 T - the ring of Attitude (left fist) {+Blink rPois rN+ Will+}
   (You found it on level 4 of the Shoals)

   [ring of willpower]

   rPois:     It protects you from poison rN+: It protects you from negative
   energy.
   Will+:     It increases your willpower.
   +Blink:    It lets you blink.
Talismans
 X - a granite talisman (active)
Wands
 d - a wand of polymorph (29)
 h - a wand of quicksilver (32)
 z - a wand of digging (8)
 B - a wand of iceblast (38)
 Y - a wand of flame (68)
 Z - a wand of mindburst (35)
Scrolls
 e - 8 scrolls of fear
 i - 8 scrolls of fog
 k - 2 scrolls of teleportation
 n - 6 scrolls of silence
 o - 8 scrolls of brand weapon
 q - 14 scrolls of vulnerability
 v - 9 scrolls of poison
 A - 2 scrolls of blinking
 N - 2 scrolls of summoning
 P - 8 scrolls of enchant armour
 Q - 2 scrolls of revelation
Potions
 a - 5 potions of berserk rage
 g - 4 potions of haste
 j - 23 potions of curing
 l - 4 potions of mutation
 m - 4 potions of attraction
 w - 6 potions of lignification
 C - 5 potions of enlightenment
 F - 11 potions of ambrosia
 G - 3 potions of resistance
 I - 3 potions of heal wounds
 J - 2 potions of invisibility
 O - a potion of cancellation
 R - 4 potions of might
Miscellaneous
 c - a sack of spiders (inert)
 r - a phantom mirror
 H - a lightning rod (4/4)
 M - a condenser vane
 S - a phial of floods (inert)


   Skills:
 + Level 23.3 Fighting
 - Level 12.0 Throwing
 + Level 24.9 Dodging
 - Level 5.0 Stealth
 + Level 17.8 Shields
 O Level 27 Unarmed Combat
 - Level 4.0 Spellcasting
 - Level 7.0 Translocations
 - Level 12.0 Evocations
 - Level 25.0 Shapeshifting


You had 24 spell levels left.
You knew the following spells:

 Your Spells              Type           Power      Damage    Failure   Level
a - Blink                 Tloc           18%        N/A       2%          2
b - Lesser Beckoning      Tloc           18%        N/A       2%          2
c - Swiftness             Air            1%         N/A       75%         3
d - Passwall              Tmut/Erth      0%         N/A       50%         2
e - Apportation           Tloc           18%        N/A       1%          1

Your spell library contained the following spells:

 Spells                   Type           Power      Damage    Failure   Level
 Gell's Gravitas          Tloc           9%         N/A       6%          3
 Teleport Other           Tloc           9%         N/A       6%          3
 Momentum Strike          Conj/Tloc      10%        3d8       13%         2
 Passage of Golubria      Tloc           9%         N/A       21%         4
 Volatile Blastmotes      Fire/Tloc      10%        2d10      26%         3
 Freeze                   Ice            4%         1d3       36%         1
 Kiss of Death            Conj/Necr      4%         2d5       36%         1
 Magic Dart               Conj           4%         1d3       36%         1
 Sandblast                Erth           2%         2d4       36%         1
 Shock                    Conj/Air       4%         1d3       36%         1
 Slow                     Hex            4%         N/A       36%         1
 Sting                    Tmut/Pois      4%         1d3       36%         1
 Call Imp                 Summ           2%         N/A       50%         2
 Cigotuvi's Dreadful Rot  Necr/Pois/Air  2%         N/A       50%         2
 Jinxbite                 Hex            2%         N/A       50%         2
 Poisonous Vapours        Pois/Air       2%         N/A       50%         2
 Searing Ray              Conj           2%         2d4       50%         2
 Static Discharge         Conj/Air       2%         2-3/arc   50%         2
 Wereblood                Tmut           1%         N/A       50%         2
 Dimensional Bullseye     Hex/Tloc       2%         N/A       67%         4
 Iskenderun's Mystic Bla  Conj/Tloc      5%         2d3       67%         4
 Vhi's Electric Charge    Tloc/Air       10%        N/A       67%         4
 Confusing Touch          Hex            1%         N/A       75%         3
 Frozen Ramparts          Ice            2%         1d1       75%         3
 Hailstorm                Conj/Ice       1%         3d3       75%         3
 Inner Flame              Hex/Fire       1%         N/A       75%         3
 Mephitic Cloud           Conj/Pois/Air  1%         N/A       75%         3
 Ozocubu's Armour         Ice            1%         N/A       75%         3
 Sigil of Binding         Hex            1%         N/A       75%         3
 Stone Arrow              Conj/Erth      2%         3d7       75%         3
 Tukima's Dance           Hex            1%         N/A       75%         3
 Vampiric Draining        Necr           1%         2d6       75%         3
 Summon Forest            Summ/Tloc      2%         N/A       95%         5
 Airstrike                Air            0%         2d(1-17)  99%         4
 Anguish                  Hex/Necr       0%         N/A       99%         4
 Animate Dead             Necr           1%         N/A       99%         4
 Cause Fear               Hex            0%         N/A       99%         4
 Dispel Undead            Necr           1%         3d6       99%         4
 Flame Wave               Conj/Fire      1%         2d4       99%         4
 Fulminant Prism          Conj/Hex       0%         3d5       99%         4
 Olgreb's Toxic Radiance  Pois           1%         N/A       99%         4
 Petrify                  Tmut/Erth      1%         N/A       99%         4
 Sticky Flame             Conj/Fire      1%         2d3       99%         4
 Summon Ice Beast         Ice/Summ       1%         N/A       99%         4
 Summon Lightning Spire   Summ/Air       1%         N/A       99%         4
 Alistair's Intoxication  Tmut/Pois      0%         N/A       100%        5
 Arcjolt                  Conj/Air       0%         1d10      100%        5
 Borgnjor's Vile Clutch   Necr/Erth      0%         N/A       100%        5
 Fireball                 Conj/Fire      0%         3d3       100%        5
 Freezing Cloud           Conj/Ice/Air   0%         6-21      100%        5
 Irradiate                Conj/Tmut      0%         3d11      100%        5
 Iskenderun's Battlesphe  Conj           1%         2d6       100%        5
 Metabolic Englaciation   Hex/Ice        0%         N/A       100%        5
 Silence                  Hex/Air        0%         N/A       100%        5
 Summon Mana Viper        Hex/Summ       1%         N/A       100%        5
 Yara's Violent Unravell  Hex/Tmut       0%         3d3       100%        5
 Conjure Ball Lightning   Conj/Air       0%         3x3d6     100%        6
 Death Channel            Necr           0%         N/A       100%        6
 Eringya's Noxious Bog    Tmut/Pois      0%         4d6       100%        6
 Leda's Unmaking          Conj/Erth      0%         9d1       100%        6
 Simulacrum               Ice/Necr       0%         N/A       100%        6
 Summon Cactus Giant      Summ           0%         N/A       100%        6
 Enfeeble                 Hex            0%         N/A       100%        7
 Haunt                    Necr/Summ      0%         N/A       100%        7
 Monstrous Menagerie      Summ           0%         N/A       100%        7
 Orb of Destruction       Conj           0%         9d5       100%        7
 Summon Hydra             Summ           0%         N/A       100%        7
 Discord                  Hex            0%         N/A       100%        8
 Ignition                 Fire           0%         3d3       100%        8
 Infestation              Necr           0%         N/A       100%        8
 Lehudib's Crystal Spear  Conj/Erth      0%         10d2      100%        8
 Maxwell's Capacitive Co  Air            0%         ∞         100%        8
 Summon Horrible Things   Summ           0%         N/A       100%        8
 Chain Lightning          Conj/Air       0%         2d1       100%        9
 Fire Storm               Conj/Fire      0%         6d1       100%        9
 Shatter                  Erth           0%         3d5*      100%        9


Dungeon Overview and Level Annotations

Branches:
Dungeon (15/15)            Temple (1/1) D:4            Lair (5/5) D:8
 Shoals (4/4) Lair:2        Snake (4/4) Lair:2        Slime (5/5) Lair:5
    Orc (2/2) D:12            Elf (3/3) Orc:2        Vaults (4/5) D:13
  Crypt (0/3) Vaults:3     Depths (4/4) D:15            Zot (5/5) Depths:4
Ossuary (visited)           IceCv (visited)         Volcano (visited)
 WizLab (visited)

Altars:
Ashenzari
Cheibriados
Dithmenos
Elyvilon
Fedhas
Gozag
Hepliaklqana
Kikubaaqudgha
Makhleb
Nemelex Xobeh
Okawaru
Qazlal
Ru
Sif Muna
Trog
Uskayaw
Vehumet
Wu Jian
Xom
Yredelemnul
Zin
The Shining One
Jiyva
Lugonu

Shops:
D:5 !   D:10 *   Orc:1 [[   Orc:2 (***   Shoals:3 ?*   Shoals:4 [   Snake:1 =::
Snake:4 [:   Vaults:2 =   Vaults:3 [   Vaults:4 ?

Portals:
Hell: Depths:1 Depths:2 Depths:3 Depths:4
Abyss: Lair:5 Depths:1 Depths:2 Depths:3 Depths:4
Pandemonium: Depths:2 Depths:3 Depths:4
Ziggurat: Depths:2

Annotations:
D:1 2 transporters
D:13 6 transporters
Slime:4 exclusion: upstairs
Elf:1 1 runed translucent door, Zeofi's ghost, adept DsNe
Elf:2 3 runed translucent doors, Zenata
Depths:1 exclusions: hellion and 1 more exclusion
Depths:2 1 runed translucent door


Innate Abilities, Weirdness & Mutations

You are a living statue of rough stone.
Your actions are slow, but your melee attacks are powerful.
You are resistant to unholy torment.
Your maximum health is greatly increased.
Your equipment is partially melded.
You are immune to poison.
((You are very nimble when in or above water. (Stealth+, EV+, Speed+++)))
Your lower body shifts to a powerful aquatic tail in water.
You are clumsy. (Dex -2)
Armour fits poorly on your strangely shaped body.
Your body sometimes deteriorates upon taking damage.
You are very dopey. (Int -4)
You are extremely frail. (-30% HP)
Your magical capacity is very low. (-20% MP)
A frigid envelope surrounds you and freezes all who hurt you.
You do not regenerate when monsters are visible.
Your spells are a little easier to cast, but a little less powerful.
You sometimes lose the ability to drink potions when taking damage.


Message History

The Council accepts your kill. The sixfirhy completely misses you. x2
You spin and attack the sixfirhy.
You pulverise the sixfirhy!!!
You kill the sixfirhy!
The Council accepts your kill.
Unknown command.
As you read the scroll of teleportation, it crumbles to dust.
You feel strangely unstable.
You feel the Orb delaying your translocation!
You start resting.
Your surroundings suddenly seem different.
A sun demon comes into view.
The sun demon shouts!
You punch the sun demon!
The sun demon is moderately wounded.
The sun demon completely misses you.
You pummel the sun demon!!
The sun demon is severely wounded.
You block the sun demon's attack.
You hit the sun demon but do no damage.
The sun demon is severely wounded.
You block the sun demon's attack.
You barely miss the sun demon.
The sun demon is severely wounded.
The sun demon closely misses you.
You pound the sun demon into fine dust!!!
You kill the sun demon!
The Council accepts your kill.
There is a stone staircase leading up here.
You climb upwards.
Level annotation: 2 transporters
There is a stone staircase leading down here.
Aiming: Dig
Press: ? - help, Shift-Dir - straight line A rock wall.
This square is covered in magical glow.
The rock shatters into small pieces.
Your legs become a tail as you enter the water.
There is a staircase leading out of the dungeon here.
You have escaped!

###.##.## #........# #.#
#.###.## #........# #.# #(#
##.## #........# #.# #.#
##.############# #.# #.#
##.##~≈≈≈≈≈≈~## #.# #.#
####~≈≈≈≈~~~≈≈≈~#####.#####
#.###~≈~≈≈≈≈≈~.~~≈≈~...........
#.##~≈≈≈≈≈≈≈~.©.~.≈~.####.####.
#.#~≈≈≈≈≈≈≈≈~♣8..≈.≈.#......##.
#..~≈≈≈~~~≈≈~.©.~≈≈..#.##.#.##.
##.~≈≈≈~.~≈≈~~.~~≈≈≈.#.##.#..#.
#..≈≈~.©.~≈≈≈~~≈≈≈~.####.##.#.
##≈.≈..>♣~≈≈≈≈≈≈≈≈≈....#.##.#.
#~≈.~.©.~≈≈≈≈≈≈≈~###.##.##.#.
#~≈≈~~.~~≈≈≈≈≈≈≈.....##.##.#.
#≈≈≈≈≈~≈≈≈≈≈~........##.##.#.
##~≈≈≈≈≈≈≈#.#.#####..##.##.#.


There were no monsters in sight!

Vanquished Creatures
  Dissolution (Slime:4)
  2 dread liches
  4 orbs of fire (Zot:5)
  A juggernaut (Depths:3)
  Vashnia (Snake:4)
  6 Killer Klowns
  Bai Suzhen (Depths:1)
  Saint Roka (Vaults:1)
  A caustic shrike (Depths:4)
  12 golden dragons
  The ghost of tensugalgo the Acrobat, a veteran TeWr of Wu Jian (Depths:4)
  Norris (Depths:2)
  2 bone dragons
  3 electric golems
  A Tzitzimitl (D:4)
  17 tentacled monstrosities
  Rupert (D:13)
  2 liches (Depths:3)
  Mlioglotl (Snake:4)
  A titan (Slime:5)
  3 deep elf blademasters
  24 Orb Guardians
  A walking divine tome (Depths:3)
  36 acid blobs
  The ghost of ouz the Severer, an adept MiFi of Okawaru (Shoals:4)
  2 deep elf master archers (Elf:3)
  8 quicksilver dragons
  11 death cobs
  A kraken (Shoals:2)
  Agnes (D:14)
  3 sphinxes
  Kirke (D:13)
  An Executioner (D:12)
  10 storm dragons
  Aizul (Snake:4)
  11 rockslimes
  6 draconian monks
  3 tengu reavers
  A shadow dragon (Zot:5)
  Donald (Snake:3)
  7 nagarajas
  7 azure jellies
  4 ghost moths
  9 frost giants
  3 fire giants
  3 vault wardens
  8 draconian scorchers
  6 draconian knights
  5 deep elf elementalists (Elf:3)
  An orc warlord (Vaults:4)
  4 deep elf sorcerers (Elf:3)
  Louise (Depths:1)
  A balrug (Zot:3)
  A demonspawn corrupter (D:14)
  8 draconian stormcallers
  6 draconian shifters
  10 ironbound preservers
  5 draconian annihilators
  14 quicksilver oozes
  2 cacodemons
  8 formless jellyfish
  13 stone giants
  A spriggan defender (Depths:3)
  13 very ugly things
  6 ironbound thunderhulks
  2 lorocyprocas
  2 vampire knights
  A reaper (Depths:1)
  13 green draconians
  2 elemental wellsprings (Shoals:1)
  19 dire elephants
  30 yellow draconians
  4 deep elf demonologists
  17 red draconians
  8 deep elf annihilators
  11 black draconians
  A bunyip (shapeshifter) (Depths:3)
  17 purple draconians
  20 white draconians
  9 ettins
  A spark wasp (Depths:4)
  Snorg (D:12)
  6 merfolk javelineers
  Josephine (D:12)
  10 deep elf death magi
  6 fire dragons
  6 merfolk impalers
  2 entropy weavers
  5 deep elf high priests
  A green death (D:14)
  4 salamander tyrants
  3 peacekeepers
  3 rakshasas
  7 yaktaur captains
  10 vault guards
  3 hydras
  Erolcha (D:11)
  15 great orbs of eyes
  A caustic shrike simulacrum (IceCv)
  An ogre mage (D:13)
  5 spriggan air magi
  4 ice dragons
  9 anacondas
  5 merfolk avatars (Shoals:4)
  6 merfolk aquamancers
  8 boulder beetles
  2 alligator snapping turtles
  A sphinx skeleton (Vaults:4)
  10 centaur warriors
  6 ironbound frosthearts
  5 tengu warriors
  4 two-headed ogres
  3 satyrs
  14 dancing weapons
  8 deep troll shamans
  10 naga warriors
  4 deep troll earth magi
  24 death yaks
  17 naga sharpshooters
  3 thrashing horrors (Lair:5)
  3 spriggan berserkers
  5 soul eaters (Depths:1)
  11 deep elf knights
  Nergalle (Lair:1)
  A storm dragon zombie (Vaults:4)
  Urug (Lair:3)
  2 hell knights (Depths:1)
  12 shock serpents
  5 sun demons
  11 salamander mystics
  12 skysharks
  8 iron trolls
  Lodul (D:12)
  Amaemon (Lair:2)
  11 sea snakes
  2 sixfirhies
  An orb spider (shapeshifter) (D:15)
  A flayed ghost (Depths:1)
  3 glowing orange brains
  2 shadow demons
  36 deep trolls
  16 deep elf archers
  A harpy (shapeshifter) (D:15)
  3 orange crystal statues
  3 lindwurms (Vaults:1)
  13 naga ritualists
  17 deep elf pyromancers
  17 harpies
  7 necromancers
  7 wizards
  2 phantasmal warriors (Depths:4)
  A shadow dragon skeleton (Vaults:4)
  12 mana vipers
  23 deep elf zephyrmancers
  A fire giant zombie (Vaults:4)
  14 ironbound convokers
  2 orc sorcerers
  17 orc knights
  4 oklob plants (Zot:2)
  10 fauns
  6 shining eyes
  8 manticores
  35 ugly things
  18 salamanders
  Maurice (D:11)
  7 cyclopes
  26 moths of wrath
  8 vault sentinels
  11 merfolk sirens
  4 guardian serpents
  5 smoke demons
  A stone giant skeleton (Vaults:4)
  7 water nymphs
  20 naga magi
  27 black mambas
  3 eyes of devastation
  An orange demon (Lair:2)
  18 cane toads
  2 torpor snails (shapeshifter)
  2 hellions
  A human zombie (Vaults:4)
  17 yaktaurs
  9 rime drakes
  5 freezing wraiths
  A rime drake (shapeshifter) (D:13)
  A tormentor (Zot:1)
  7 komodo dragons
  An efreet (D:14)
  2 yaktaurs (shapeshifter)
  An anaconda simulacrum (IceCv)
  An ice devil (Depths:2)
  3 tengu conjurers
  3 meliai (D:12)
  20 merfolk
  A queen bee (D:12)
  6 wind drakes
  Prince Ribbit (D:6)
  A red devil (D:14)
  10 trolls
  2 raiju (Lair:5)
  9 dream sheep
  A tarantella (Vaults:3)
  4 large abominations
  20 blink frogs
  2 alligator simulacra (IceCv)
  5 snapping turtles
  2 air elementals
  A jumping spider (Vaults:4)
  98 slime creatures
  5 dire elephant simulacra (IceCv)
  8 water elementals
  A spriggan (Lair:5)
  2 elf skeletons (Vaults:4)
  7 wraiths
  5 ynoxinuls
  A culicivora (shapeshifter) (D:15)
  A fire elemental (Elf:2)
  2 hogs (D:13)
  37 yaks
  A human (shapeshifter) (Elf:2)
  4 basilisks (Lair:5)
  A yak (shapeshifter) (D:13)
  10 golden eyes
  3 chaos spawn (Lair:5)
  A neqoxec (Zot:3)
  2 steam dragons (D:8)
  A redback (Vaults:4)
  5 vampire mosquitoes
  4 harpy simulacra (IceCv)
  8 wargs
  11 water moccasins
  51 nagas
  2 hydra simulacra (IceCv)
  An acid dragon (D:8)
  10 small abominations (Lair:5)
  A glowing shapeshifter skeleton (Vaults:4)
  43 orc warriors
  A sky beast (D:7)
  9 ogres
  A black bear (D:7)
  4 ice beasts
  8 wolves
  4 boggarts (Vaults:4)
  20 centaurs
  4 kobold brigands
  6 elf zombies (Elf:1)
  12 bullfrogs
  4 earth elementals
  3 gnoll sergeants
  5 scorpions
  5 wights (D:7)
  7 water moccasin zombies (Ossuary)
  A lindwurm simulacrum (IceCv)
  A hornet simulacrum (D:14)
  36 killer bees
  An electric eel (Lair:2)
  2 howler monkeys (D:8)
  42 jellies
  3 hounds
  2 gnoll boudas
  12 orc priests
  Crazy Yiuf (D:6)
  A sleepcap (D:6)
  24 orc wizards
  4 iguanas
  2 mummies (Ossuary)
  6 adders
  12 gnolls
  3 white imps
  An ufetubus (D:5)
  7 adder zombies (Ossuary)
  A worm (D:3)
  2 dart slugs
  90 orcs
  9 endoplasms
  9 giant cockroaches
  3 gnoll zombies (Ossuary)
  6 goblins
  6 hobgoblins
  3 jackals (D:4)
  20 kobolds
  3 quokkas
  5 ball pythons
  6 bats
  A frilled lizard (D:2)
  9 hobgoblin zombies (Ossuary)
  2 kobold zombies (Ossuary)
  7 orc zombies (Ossuary)
  7 rats
  A spectral weapon (Zot:4)
2140 creatures vanquished.

Vanquished Creatures (collateral kills)
  Vv (Zot:1)
  A draconian scorcher (Zot:3)
  A red draconian (Zot:3)
  2 white draconians (Zot:3)
  2 slime creatures (Slime:4)
  A golden eye (Slime:4)
8 creatures vanquished.

Vanquished Creatures (others)
  A tengu warrior (D:12)
  A manticore (Shoals:4)
  A moth of wrath (Zot:3)
  A snapping turtle (Shoals:4)
  2 nagas
  A boggart (Vaults:4)
  A killer bee (D:12)
  An orc priest (Orc:1)
  A jelly (Zot:2)
  4 tentacles (Shoals:2)
14 creatures vanquished.

Grand Total: 2162 creatures vanquished

Notes
Turn   | Place    | Note
-------+----------+-------------------------------------------
     0 | D:1      | tensugalgo the Merfolk Shapeshifter began the quest for the
                  | Orb.
     0 | D:1      | Reached XP level 1. HP: 15/15 MP: 1/1
   212 | D:1      | Reached XP level 2. HP: 21/21 MP: 2/2
   309 | D:1      | Reached skill level 4 in Unarmed Combat
   489 | D:1      | Reached XP level 3. HP: 26/26 MP: 3/3
  1185 | D:2      | Reached XP level 4. HP: 32/32 MP: 4/4
  1587 | D:3      | Reached skill level 5 in Unarmed Combat
  1587 | D:3      | Reached skill level 5 in Shapeshifting
  1718 | D:3      | Reached XP level 5. HP: 37/37 MP: 5/5
  2349 | D:4      | Found an iron altar of Okawaru.
  2349 | D:4      | Found an ancient bone altar of Kikubaaqudgha.
  2403 | D:4      | Found a staircase to the Ecumenical Temple.
  2408 | Temple   | Entered the Ecumenical Temple
  2417 | Temple   | Became a worshipper of the Wu Jian Council
  2463 | D:4      | Reached skill level 6 in Unarmed Combat
  2611 | D:4      | Noticed an ogre
  2849 | D:5      | Entered Level 5 of the Dungeon
  2878 | D:5      | Reached XP level 6. HP: 38/43 MP: 6/6
  3253 | D:5      | Found a burning altar of Makhleb.
  3253 | D:5      | Found a shimmering blue altar of Sif Muna.
  3296 | D:5      | Noticed an ice beast
  3309 | D:5      | Killed an ice beast
  3310 | D:5      | Reached skill level 7 in Unarmed Combat
  3310 | D:5      | Reached XP level 7. HP: 12/48 MP: 7/7
  3615 | D:5      | Found a transporter.
  3648 | D:5      | Found a transporter.
  3648 | D:5      | Found Bini's Distillery.
  4131 | D:5      | Reached skill level 8 in Unarmed Combat
  4212 | D:4      | Found a white marble altar of Elyvilon.
  4315 | D:6      | Reached XP level 8. HP: 54/54 MP: 8/8
  4376 | D:6      | Reached * piety under Wu Jian
  4473 | D:6      | Found a runed translucent door.
  4474 | D:6      | Noticed Crazy Yiuf
  4521 | D:6      | Reached skill level 9 in Unarmed Combat
  4911 | D:6      | Found a sparkling altar of Nemelex Xobeh.
  5332 | D:7      | Noticed Prince Ribbit
  5348 | D:6      | Killed Prince Ribbit
  5349 | D:6      | Reached skill level 10 in Unarmed Combat
  5450 | D:7      | Reached XP level 9. HP: 56/61 MP: 9/9
  5452 | D:7      | Found a sand-covered staircase.
  5462 | Ossuary  | Entered an ossuary
  5506 | Ossuary  | Reached ** piety under Wu Jian
  6108 | D:7      | Reached *** piety under Wu Jian
  6109 | D:7      | Reached skill level 11 in Unarmed Combat
  6273 | D:7      | Reached skill level 5 in Dodging
  6293 | D:7      | Identified the +5 hand axe "Impslayer" {elec, *Corrode
                  | Will+ Str+3}
  6654 | D:7      | Found a glowing silver altar of Zin.
  6654 | D:7      | Found an opulent altar of Gozag.
  7068 | D:8      | Reached XP level 10. HP: 72/72 MP: 10/10
  7122 | D:8      | Noticed a boulder beetle
  7167 | D:7      | Reached **** piety under Wu Jian
  7389 | D:8      | Killed a boulder beetle
  7390 | D:8      | Reached skill level 12 in Unarmed Combat
  7390 | D:8      | Reached skill level 10 in Shapeshifting
  7430 | D:8      | Reached skill level 5 in Fighting
  7433 | D:8      | Noticed a white ugly thing
  7681 | D:8      | Noticed a centaur warrior
  7693 | D:8      | Killed a centaur warrior
  7720 | D:8      | Gained mutation: You passively dampen the noise of your
                  | surroundings. [potion of mutation]
  7720 | D:8      | Gained mutation: You are vulnerable to heat. (rF-) [potion
                  | of mutation]
  7720 | D:8      | Gained mutation: You sometimes lose your temper in combat.
                  | [potion of mutation]
  8321 | D:9      | Lost mutation: You passively dampen the noise of your
                  | surroundings. [potion of mutation]
  8321 | D:9      | Lost mutation: You sometimes lose your temper in combat.
                  | [potion of mutation]
  8321 | D:9      | Gained mutation: Your muscles are strong. (Str +4, Int/Dex
                  | -1) [potion of mutation]
  8321 | D:9      | Gained mutation: Your muscles are very strong. (Str +8,
                  | Int/Dex -2) [potion of mutation]
  8322 | D:9      | Lost mutation: Your muscles are very strong. (Str +8,
                  | Int/Dex -2) [potion of mutation]
  8322 | D:9      | Lost mutation: Your muscles are strong. (Str +4, Int/Dex
                  | -1) [potion of mutation]
  8322 | D:9      | Lost mutation: You are vulnerable to heat. (rF-) [potion of
                  | mutation]
  8322 | D:9      | Gained mutation: You possess an exceptional clarity of
                  | mind. [potion of mutation]
  8322 | D:9      | Gained mutation: You have supernaturally acute eyesight.
                  | (SInv) [potion of mutation]
  8494 | D:9      | Reached skill level 1 in Evocations
  8634 | D:8      | Noticed a fire dragon
  8767 | D:9      | Reached ***** piety under Wu Jian
  8773 | D:9      | Reached skill level 13 in Unarmed Combat
  8778 | D:9      | Reached XP level 11. HP: 61/81 MP: 11/11
  9118 | D:10     | Entered Level 10 of the Dungeon
  9119 | D:10     | Found Luhaczut's General Store.
  9645 | D:10     | Found a bloodstained altar of Trog.
 10015 | D:11     | Noticed Erolcha
 10065 | D:11     | Noticed a two-headed ogre
 10072 | D:11     | Killed a two-headed ogre
 10192 | D:11     | Identified the +5 short sword "Fypoanyv" {speed, Str+3
                  | SInv}
 10195 | D:11     | Noticed a four-headed hydra
 10259 | D:11     | Killed a four-headed hydra
 10368 | D:11     | Noticed Maurice
 10524 | D:11     | Killed Maurice
 10677 | D:11     | Killed Erolcha
 10988 | D:11     | You fall into a shaft and drop 2 floors!
 11126 | D:12     | Noticed a brown ugly thing
 11233 | D:12     | Reached skill level 14 in Unarmed Combat
 11564 | D:11     | Noticed a cyclops
 11575 | D:11     | Killed a cyclops
 11775 | D:12     | Noticed a tengu warrior
 11775 | D:12     | Noticed a tengu warrior
 11850 | D:12     | Killed a tengu warrior
 11868 | D:12     | Noticed a two-headed ogre
 11877 | D:12     | Killed a two-headed ogre
 11878 | D:12     | Reached XP level 12. HP: 70/91 MP: 12/12
 11929 | D:12     | Noticed Lodul
 12026 | D:12     | Killed Lodul
 12093 | D:12     | Noticed a two-headed ogre
 12102 | D:12     | Killed a two-headed ogre
 12139 | D:12     | Noticed a two-headed ogre
 12153 | D:12     | Noticed Snorg
 12309 | D:12     | Reached skill level 10 in Dodging
 12314 | D:12     | Noticed Josephine
 12323 | D:12     | Killed Josephine
 12413 | D:12     | Reached skill level 5 in Evocations
 12428 | D:12     | Reached skill level 15 in Unarmed Combat
 12492 | D:12     | Reached ****** piety under Wu Jian
 12684 | D:12     | Noticed a boulder beetle
 12713 | D:12     | Killed a boulder beetle
 12743 | D:12     | Killed a two-headed ogre
 12779 | D:12     | Found a staircase to the Orcish Mines.
 12896 | D:12     | Noticed a centaur warrior
 12905 | D:12     | Killed a centaur warrior
 13162 | D:12     | Identified a scroll of acquirement
 13162 | D:12     | Acquired a manual of Fighting
 13506 | D:8      | Killed a fire dragon
 13507 | D:8      | Reached skill level 1 in Stealth
 13507 | D:8      | Reached XP level 13. HP: 64/100 MP: 13/13
 13631 | D:8      | Found a staircase to the Lair.
 13677 | Lair:1   | Entered Level 1 of the Lair of Beasts
 13748 | Lair:1   | Found a dark tunnel.
 13757 | Volcano  | Entered a volcano
 13980 | Volcano  | Noticed a red draconian
 13983 | Volcano  | Found a burning altar of Makhleb.
 14541 | Lair:1   | Noticed Nergalle
 14550 | Lair:1   | Killed Nergalle
 15045 | Lair:2   | Reached skill level 16 in Unarmed Combat
 15297 | Lair:1   | Reached skill level 10 in Fighting
 15351 | Lair:2   | Found a staircase to the Snake Pit.
 15366 | Lair:2   | Reached skill level 5 in Stealth
 15769 | Lair:2   | You fall into a shaft and drop 2 floors!
 16004 | Lair:3   | Noticed Urug
 16195 | Lair:2   | Identified the +0 leather armour of Midwinter {rCorr
                  | Stlth+}
 16253 | Lair:2   | Noticed Amaemon
 16274 | Lair:2   | Killed Amaemon
 16383 | Lair:2   | Reached XP level 14. HP: 113/113 MP: 14/14
 16476 | Lair:2   | Found a staircase to the Shoals.
 17246 | Lair:3   | Killed Urug
 17247 | Lair:3   | Reached skill level 17 in Unarmed Combat
 18927 | Lair:4   | Found the +3 pair of seven-league boots {Rampage+∞}
 19246 | Lair:5   | Entered Level 5 of the Lair of Beasts
 19429 | Lair:5   | Reached skill level 18 in Unarmed Combat
 19872 | Lair:5   | Reached XP level 15. HP: 70/124 MP: 15/15
 19946 | Lair:5   | Found a staircase to the Slime Pits.
 19946 | Lair:5   | Found a viscous altar of Jiyva.
 20865 | Lair:5   | Reached skill level 15 in Shapeshifting
 20930 | Lair:5   | Found a corrupted altar of Lugonu.
 20930 | Lair:5   | Found a one-way gate to the infinite horrors of the Abyss.
 20957 | Lair:5   | Upgraded the game from 0.31-a0-731-ga75f04deac to
                  | 0.31-a0-744-gbc345e7fcb
 21094 | Lair:5   | Learned a level 2 spell: Blink
 21097 | Lair:5   | Learned a level 2 spell: Lesser Beckoning
 21101 | Lair:5   | Learned a level 3 spell: Swiftness
 21364 | Orc:1    | Entered Level 1 of the Orcish Mines
 21456 | Orc:1    | Found Yvueg's Armour Shoppe.
 22016 | Orc:2    | Entered Level 2 of the Orcish Mines
 22318 | Orc:2    | Reached skill level 19 in Unarmed Combat
 22425 | Orc:2    | Reached skill level 1 in Spellcasting
 22427 | Orc:2    | Reached skill level 1 in Translocations
 22507 | Orc:1    | Found Moesud's Armour Emporium.
 22621 | Orc:2    | Found a staircase to the Elven Halls.
 22700 | Orc:2    | Found Foloor's General Store.
 22700 | Orc:2    | Found Luezet's Assorted Antiques.
 22942 | Orc:2    | Found Koducif's Weapon Shop.
 22942 | Orc:2    | Found Lasadoe's General Store.
 22962 | Orc:2    | Bought a potion of heal wounds for 65 gold pieces
 23640 | D:13     | Found a transporter.
 23646 | D:13     | Found a transporter.
 23658 | D:13     | Noticed Rupert
 23667 | D:13     | Killed Rupert
 23727 | D:13     | Found a transporter.
 23729 | D:13     | Found a transporter.
 23831 | D:13     | Found a transporter.
 23838 | D:13     | Found a transporter.
 24011 | Orc:1    | Bought the +2 hat of the Bear Spirit {Spirit, Bear, *Rage
                  | Will++} for 453 gold pieces
 24011 | Orc:1    | Found the +2 hat of the Bear Spirit {Spirit, Bear, *Rage
                  | Will++}
 24180 | D:14     | Noticed Agnes
 24193 | D:14     | Killed Agnes
 24194 | D:14     | Reached XP level 16. HP: 98/134 MP: 13/20
 24205 | D:14     | Reached skill level 15 in Fighting
 24558 | D:14     | Found a hide-covered altar of Uskayaw.
 25173 | D:13     | Noticed Kirke
 25186 | D:13     | Noticed a sphinx
 25186 | D:13     | Killed Kirke
 25326 | D:13     | Found a gate to the Vaults.
 25370 | D:15     | Entered Level 15 of the Dungeon
 25684 | D:15     | Found a radiant altar of Vehumet.
 25799 | D:15     | Reached skill level 15 in Dodging
 25873 | D:15     | Found a staircase to the Depths.
 26776 | Snake:1  | Entered Level 1 of the Snake Pit
 27078 | Snake:1  | Reached skill level 5 in Translocations
 27203 | Snake:1  | Reached skill level 20 in Unarmed Combat
 27675 | Snake:1  | Found Xaiddeja's Jewellery Emporium.
 27675 | Snake:1  | Found Tiuptots's Book Boutique.
 27676 | Snake:1  | Found Jopaj's Book Boutique.
 27682 | Snake:1  | Bought a manual of Unarmed Combat for 960 gold pieces
 27840 | Snake:2  | Reached XP level 17. HP: 143/143 MP: 23/23
 27910 | Snake:2  | Found a frozen archway.
 27919 | IceCv    | Entered an ice cave
 28252 | IceCv    | Identified the +4 ring mail of Oschalisi {rElec Str+2
                  | Stlth-}
 28765 | Snake:2  | Reached skill level 21 in Unarmed Combat
 29113 | Snake:3  | Found a flickering gateway to a bazaar.
 29133 | Bazaar   | Entered a bazaar
 29133 | Bazaar   | Found Dirushokh's Antique Weapon Shoppe.
 29133 | Bazaar   | Found Waushios's Antique Weapon Emporium.
 29135 | Bazaar   | Found Onosh's Jewellery Shoppe.
 29151 | Bazaar   | Found Liuris's General Store.
 29576 | Snake:3  | Found a transporter.
 29576 | Snake:3  | Identified the amulet "Vibriddy" {Spirit Int+3}
 29880 | Snake:3  | Noticed Donald
 29888 | Snake:3  | Killed Donald
 30196 | Snake:3  | Found a radiant altar of Vehumet.
 30349 | Snake:3  | Found a transporter.
 30424 | Snake:4  | Entered Level 4 of the Snake Pit
 30434 | Snake:4  | Noticed Aizul
 30445 | Snake:4  | Killed Aizul
 30447 | Snake:4  | Reached skill level 22 in Unarmed Combat
 30479 | Snake:4  | Noticed Mlioglotl
 30487 | Snake:4  | Killed Mlioglotl
 30792 | Snake:4  | Reached XP level 18. HP: 153/153 MP: 24/24
 30858 | Snake:4  | Found Hafar's Book Emporium.
 30864 | Snake:4  | Found Ystoggei's Armour Emporium.
 31266 | Snake:4  | Noticed Vashnia
 31304 | Snake:4  | Reached skill level 23 in Unarmed Combat
 31751 | Shoals:1 | Entered Level 1 of the Shoals
 32054 | Shoals:1 | Identified the +2 long sword "Ujon" {drain, rC+ Int+3}
 33609 | Shoals:3 | Found Postrem's Assorted Antiques.
 33722 | Shoals:3 | Bought a scroll of teleportation for 108 gold pieces
 33732 | Shoals:3 | Reached skill level 24 in Unarmed Combat
 33873 | Shoals:3 | Found Ewizowur's Magic Scroll Shop.
 33885 | Shoals:3 | Bought a scroll of blinking for 120 gold pieces
 34427 | Shoals:4 | Entered Level 4 of the Shoals
 34427 | Shoals:4 | Found a large runed translucent door.
 34427 | Shoals:4 | Found a large runed translucent door.
 34499 | Shoals:3 | Reached skill level 10 in Evocations
 34547 | Shoals:4 | Reached XP level 19. HP: 161/161 MP: 22/25
 34683 | Shoals:4 | Found Pixeruic's Antique Armour Boutique.
 34920 | Shoals:4 | Noticed ouz's ghost (adept MiFi)
 34942 | Shoals:4 | Killed ouz's ghost
 34957 | Shoals:4 | Identified the +5 arbalest "Nuggyho" {flame, Fragile rF++
                  | rC+++}
 35007 | Shoals:4 | Identified the ring of Attitude {+Blink rPois rN+ Will+}
 35119 | Shoals:4 | Got a barnacled rune of Zot
 36138 | Snake:4  | Killed Vashnia
 36337 | Snake:4  | Got a serpentine rune of Zot
 36977 | Elf:1    | Entered Level 1 of the Elven Halls
 37126 | Elf:1    | Got Gonuuttu's Omnibus of Darkness
 37353 | Elf:1    | Found a runed translucent door.
 37399 | Elf:1    | Paralysed by an air elemental for 1 turns
 37465 | Elf:1    | Noticed Zeofi's ghost (adept DsNe)
 37963 | Elf:2    | Reached skill level 25 in Unarmed Combat
 38050 | Elf:2    | Reached XP level 20. HP: 170/170 MP: 24/26
 38183 | Elf:2    | Found a runed translucent gate.
 38184 | Elf:2    | Found a runed translucent gate.
 38184 | Elf:2    | Found a runed translucent gate.
 38627 | Elf:2    | Noticed Zenata
 38652 | Elf:3    | Entered Level 3 of the Elven Halls
 39849 | Elf:3    | Identified the amulet "Yseonim" {Spirit rElec rN+++ Str+2
                  | Dex-5}
 39851 | Elf:3    | Identified the +5 battleaxe "Gotor" {antimagic, Will++}
 39972 | Elf:3    | Paralysed by an air elemental for 1 turns
 40295 | Elf:3    | Identified the +5 ring mail "Lieluogo" {Contam Fly Will++
                  | Str+3}
 40637 | Elf:3    | Identified the +1 rapier "Qainai Yprom" {pain, Fragile
                  | +Blink rElec Int+3}
 40948 | D:6      | Killed Crazy Yiuf
 41082 | D:12     | Killed Snorg
 41211 | Vaults:1 | Entered Level 1 of the Vaults
 41226 | Vaults:1 | Learned a level 2 spell: Passwall
 41942 | Vaults:1 | Reached XP level 21. HP: 178/178 MP: 25/27
 41973 | Vaults:1 | Noticed Saint Roka
 41985 | Vaults:1 | Killed Saint Roka
 42174 | Vaults:1 | Reached skill level 26 in Unarmed Combat
 42288 | Vaults:1 | Found the +3 giant club "Skullcrusher" {speed, Str+7}
 42756 | Vaults:2 | Found a magical portal.
 42777 | WizLab   | Entered Wucad Mu's Monastery
 42939 | WizLab   | Found the crystal ball of Wucad Mu {*channel}
 43015 | WizLab   | Reached XP level 22. HP: 186/186 MP: 28/28
 43486 | Vaults:2 | Found Qorhehy's Jewellery Emporium.
 44470 | Vaults:3 | Found Dusous's Armour Boutique.
 44504 | Vaults:3 | You fall into a shaft and drop 1 floor!
 44561 | Vaults:4 | Found Wegeppy's Magic Scroll Shoppe.
 44733 | Vaults:4 | Bought a scroll of acquirement for 728 gold pieces
 44733 | Vaults:4 | Bought a scroll of teleportation for 42 gold pieces
 44733 | Vaults:4 | Acquired a manual of Evocations
 44898 | Vaults:3 | Identified the +7 rapier of Usopo {flame, rN+ Will+ Dex+2}
 45009 | Vaults:3 | Reached skill level 1 in Throwing
 45430 | Vaults:3 | Found a staircase to the Crypt.
 45873 | Vaults:4 | Identified the +2 chain mail of the Game of Kings {+Inv
                  | SInv}
 46385 | Vaults:4 | Reached XP level 23. HP: 194/194 MP: 29/29
 46609 | Vaults:4 | Reached skill level 5 in Throwing
 46978 | Depths:1 | Entered Level 1 of the Depths
 47034 | Depths:1 | Noticed Louise
 47045 | Depths:1 | Killed Louise
 47235 | Depths:1 | Found a broken altar of Ashenzari.
 47405 | Depths:1 | Found a gateway to Hell.
 47587 | Depths:1 | Noticed Bai Suzhen
 47597 | Depths:1 | Killed Bai Suzhen
 47979 | Depths:2 | Found a one-way gateway to a ziggurat.
 48039 | Depths:2 | Noticed Norris
 48051 | Depths:2 | Killed Norris
 48544 | Depths:2 | Found a one-way gate leading to the halls of Pandemonium.
 48764 | Depths:2 | Found a runed translucent door.
 49132 | Depths:3 | Noticed a juggernaut
 49143 | Depths:3 | Killed a juggernaut
 49284 | Depths:3 | Identified the ring of Ivoen {Wiz rN+ Slay+5}
 49426 | Depths:3 | Identified the staff "Bielu" {rPois Earth}
 49566 | Depths:3 | Reached XP level 24. HP: 204/204 MP: 26/29
 49746 | Depths:3 | Identified the +0 pair of gloves "Naricetaeta" {rC+ Regen+
                  | rCorr Dex+3}
 49824 | Depths:3 | Found a sacrificial altar of Ru.
 50194 | Depths:4 | Entered Level 4 of the Depths
 50217 | Depths:4 | Found a runed translucent gate.
 50218 | Depths:4 | Found a runed translucent gate.
 50219 | Depths:4 | Found a runed translucent gate.
 50219 | Depths:4 | Noticed a caustic shrike
 50219 | Depths:4 | Noticed tensugalgo's ghost (veteran TeWr)
 50220 | Depths:4 | Noticed a dread lich
 50285 | Depths:4 | Found a flickering gateway to a bazaar.
 50300 | Bazaar   | Entered a bazaar
 50314 | Bazaar   | Found Ateehenu's Weapon Shoppe.
 50343 | Bazaar   | Found Neitated's Weapon Emporium.
 50343 | Bazaar   | Found Igukh's Distillery.
 50348 | Bazaar   | Bought a potion of resistance for 130 gold pieces
 50348 | Bazaar   | Bought a potion of heal wounds for 65 gold pieces
 50348 | Bazaar   | Bought a potion of haste for 130 gold pieces
 50348 | Bazaar   | Bought a potion of heal wounds for 65 gold pieces
 50419 | Depths:4 | Found a gate to the Realm of Zot.
 50445 | Depths:4 | Reached skill level 10 in Throwing
 50694 | Depths:4 | Identified the +1 falchion of the Shoals {heavy, Dex+2
                  | SInv}
 50715 | Depths:4 | Reached skill level 1 in Shields
 50827 | Depths:4 | Found a corrupted altar of Lugonu.
 51229 | Depths:4 | Killed a dread lich
 51260 | Depths:4 | Killed tensugalgo's ghost
 51360 | Depths:4 | Killed a caustic shrike
 51865 | Slime:1  | Entered Level 1 of the Pits of Slime
 52055 | Slime:1  | Reached skill level 5 in Shields
 52823 | Slime:2  | Gained mutation: You occasionally lose the ability to read
                  | scrolls when taking damage. [a shining eye]
 52829 | Slime:2  | Gained mutation: You are occasionally teleported next to
                  | monsters. [a shining eye]
 52842 | Slime:2  | Gained mutation: Your magical capacity is low. (-10% MP) [a
                  | shining eye]
 52843 | Slime:2  | Gained mutation: Your magical capacity is very low. (-20%
                  | MP) [a shining eye]
 52856 | Slime:1  | Lost mutation: You possess an exceptional clarity of mind.
                  | [potion of mutation]
 52856 | Slime:1  | Lost mutation: Your magical capacity is very low. (-20% MP)
                  | [potion of mutation]
 52856 | Slime:1  | Gained mutation: You are dopey. (Int -2) [potion of
                  | mutation]
 52857 | Slime:1  | Lost mutation: You have supernaturally acute eyesight.
                  | (SInv) [potion of mutation]
 52857 | Slime:1  | Lost mutation: You are occasionally teleported next to
                  | monsters. [potion of mutation]
 52857 | Slime:1  | Gained mutation: You are clumsy. (Dex -2) [potion of
                  | mutation]
 52857 | Slime:1  | Gained mutation: Your muscles are strong. (Str +4, Int/Dex
                  | -1) [potion of mutation]
 52857 | Slime:1  | Gained mutation: You have hidden genetic defects. [potion
                  | of mutation]
 52857 | Slime:1  | Gained mutation: A frigid envelope surrounds you and
                  | freezes all who hurt you. [potion of mutation]
 52858 | Slime:1  | Lost mutation: You occasionally lose the ability to read
                  | scrolls when taking damage. [potion of mutation]
 52858 | Slime:1  | Lost mutation: You are clumsy. (Dex -2) [potion of
                  | mutation]
 52858 | Slime:1  | Gained mutation: Your spells are a little harder to cast,
                  | but a little more powerful. [potion of mutation]
 53189 | Orc:2    | Bought a sack of spiders for 520 gold pieces
 53434 | D:5      | Bought a potion of mutation for 112 gold pieces
 53434 | D:5      | Bought a potion of mutation for 112 gold pieces
 54150 | Slime:4  | Noticed Dissolution
 54161 | Slime:4  | Paralysed by a floating eye for 2 turns
 54168 | Slime:4  | Killed Dissolution
 54430 | Slime:4  | Gained mutation: You occasionally lose the ability to drink
                  | potions when taking damage. [hidden defects]
 54742 | Slime:5  | Entered Level 5 of the Pits of Slime
 54775 | Slime:5  | Reached XP level 25. HP: 213/213 MP: 26/26
 54852 | Slime:5  | Reached skill level 10 in Shields
 54907 | Slime:5  | Lost mutation: Your spells are a little harder to cast, but
                  | a little more powerful. [a shining eye]
 55011 | Slime:5  | Gained mutation: You have terrible hidden genetic defects.
                  | [hidden defects]
 55011 | Slime:5  | Lost mutation: You have terrible hidden genetic defects.
                  | [hidden defects expressed]
 55105 | Slime:5  | Noticed the Royal Jelly
 55127 | Slime:5  | the Royal Jelly changed into a titan shaped Royal Jelly
 55127 | Slime:5  | Noticed a titan shaped Royal Jelly
 55340 | Slime:5  | Found a viscous altar of Jiyva.
 55343 | Slime:5  | Found the dreamshard necklace {Acrobat *Dream}
 55348 | Slime:5  | Killed a titan shaped Royal Jelly
 55438 | Slime:5  | Identified the amulet "Ejoive" {Regen+ Dex+6}
 55464 | Slime:5  | Got Dispater's Compendium of the Anticline
 55473 | Slime:5  | Identified the orb of the Vestibule of Hell {guile, Rampage
                  | Int+4}
 55477 | Slime:5  | Got a slimy rune of Zot
 55478 | Slime:5  | Identified the ring "Qeazaz" {rC- rCorr Str+4 Int+4 SInv}
 55487 | Slime:5  | Got Jyaduela's Atlas of Kinetic Allies
 55507 | Slime:5  | Identified the staff of Judgement {rElec Int+3 Stlth+ Conj}
 55530 | Slime:5  | Identified the +2 quarterstaff of Accord {drain, rC+ Dex+2}
 55581 | Slime:5  | Identified the +6 shortbow of the King {flame, rF+}
 56210 | Zot:1    | Entered Level 1 of the Realm of Zot
 56421 | Zot:1    | You fall into a shaft and drop 1 floor!
 56469 | Zot:3    | Gained mutation: You are very dopey. (Int -4) [hidden
                  | defects]
 57742 | Zot:3    | Gained mutation: You sometimes lose the ability to drink
                  | potions when taking damage. [hidden defects]
 57742 | Zot:3    | Lost mutation: You have hidden genetic defects. [hidden
                  | defects expressed]
 58127 | Zot:1    | Noticed Vv
 58247 | Zot:2    | Reached skill level 15 in Shields
 58456 | Zot:2    | Reached XP level 26. HP: 222/222 MP: 25/26
 58497 | Zot:1    | Reached skill level 27 in Unarmed Combat
 58524 | Zot:1    | Identified the +4 long sword of Equivalence {holy, Str+3}
 58635 | Zot:1    | Killed Vv
 60263 | Zot:4    | Noticed a Killer Klown
 60272 | Zot:4    | Killed a Killer Klown
 60682 | Zot:5    | Entered Level 5 of the Realm of Zot
 61573 | Zot:5    | Reached XP level 27. HP: 231/231 MP: 26/26
 61643 | Zot:5    | Noticed a dread lich
 61651 | Zot:5    | Paralysed by a dread lich for 2 turns
 61660 | Zot:5    | Killed a dread lich
 61864 | Zot:5    | Noticed an orb of fire
 61866 | Zot:5    | Gained mutation: Your body sometimes deteriorates upon
                  | taking damage. [an orb of fire]
 61868 | Zot:5    | Gained mutation: You are frail. (-10% HP) [an orb of fire]
 61868 | Zot:5    | Gained mutation: You do not regenerate when monsters are
                  | visible. [an orb of fire]
 61869 | Zot:5    | Gained mutation: Your magical capacity is very low. (-20%
                  | MP) [an orb of fire]
 61873 | Zot:5    | Gained mutation: You are very frail. (-20% HP) [an orb of
                  | fire]
 61879 | Zot:5    | Killed an orb of fire
 61887 | Zot:5    | Noticed an orb of fire
 61897 | Zot:5    | Killed an orb of fire
 62186 | Zot:5    | Learned a level 1 spell: Apportation
 62187 | Zot:5    | Noticed an ancient lich
 62190 | Zot:5    | Noticed an orb of fire
 62202 | Zot:5    | Gained mutation: You are clumsy. (Dex -2) [an orb of fire]
 62208 | Zot:5    | Gained mutation: Armour fits poorly on your strangely
                  | shaped body. [an orb of fire]
 62209 | Zot:5    | Noticed an orb of fire
 62212 | Zot:5    | Killed an orb of fire
 62215 | Zot:5    | Gained mutation: Your body often deteriorates upon taking
                  | damage. [an orb of fire]
 62215 | Zot:5    | Lost mutation: Your body often deteriorates upon taking
                  | damage. [an orb of fire]
 62219 | Zot:5    | Gained mutation: You are extremely frail. (-30% HP) [an orb
                  | of fire]
 62484 | Zot:5    | Gained mutation: Your spells are a little easier to cast,
                  | but a little less powerful. [an orb of fire]
 62486 | Zot:5    | Lost mutation: Your muscles are strong. (Str +4, Int/Dex
                  | -1) [an orb of fire]
 62498 | Zot:5    | Killed an orb of fire
 62696 | Zot:5    | Got the Orb of Zot
 62703 | Zot:5    | Noticed Suhuc the pandemonium lord
 62900 | Depths:2 | Noticed Vefeymp the pandemonium lord
 63367 | D:4      | Noticed Bownigue the pandemonium lord
 63439 | D:$      | Escaped with the Orb!

Illustrated notes

Levels and vault maps discovered:
D:1:      spicycebolla_arrival_transporter_tutorial, layout_basic,
          hangedman_decor_clover_reticule, minmay_worlds_worst_comb
D:2:      layout_rooms
D:3:      layout_loops_ring
D:4:      layout_basic, gammafunk_temple_overflow_elements,
          nicolae_elyvilon_temple_path, temple_doors_cd
D:5:      layout_gridville, mainiacjoe_overflow_large_starburst, serial_shops,
          nicolae_shop_drivethru, water_maze_lemuel
D:6:      layout_rooms, mainiacjoe_overflow_alcove_1, uniq_crazy_yiuf_cottage
D:7:      layout_gridville, grunt_temple_overflow_gold_and_silver,
          enter_ossuary_3, uniq_prince_ribbit1
D:8:      layout_loops_cross, david_lair_shrubbed, nicolae_doodle_vault
D:9:      layout_roguey, blue_anna_alchemist
D:10:     layout_loops_ring, mainiacjoe_overflow_concentric_impassable,
          serial_glass, glass_columns_a, glass_columns_a, serial_shops, shop,
          st_stairs_3
D:11:     layout_stronghold, lemuel_old_faithful, uniq_maurice, uniq_erolcha
D:12:     layout_roguey [special_room_bee], david_orc_2, uniq_josephine,
          uniq_lodul, uniq_snorg
D:13:     layout_stronghold, hellmonk_vaults_attempted_burglary,
          serial_nicolae_subway, nicolae_sub_station_stone,
          nicolae_sub_station_metal, nicolae_sub_station_crystal, uniq_rupert,
          uniq_kirke
D:14:     layout_long_grid, nicolae_uskayaw_dance_hall, uniq_agnes
D:15:     gammafunk_enter_depths_forms, layout_grid_maze,
          nicolae_vehumet_radiance, minmay_stone_trees_large
Temple:   nicolae_temple_ecumenical_triangle
Lair:1:   layout_long_grid, lightli_volcano_entry_magma_tube,
          serial_bayou_shore_b, uniq_nergalle
Lair:2:   layout_chaotic_city, elwin_shoals_entry_stream, dummy_snake_entry,
          st_stairs_13, dreamdust_gnoll_shepherd, infiniplex_staircase_pool,
          grunt_megastairs_1, uniq_amaemon
Lair:3:   layout_long_grid, uniq_urug
Lair:4:   layout_long_grid, hellmonk_guarded_unrand_seven_league_boots,
          infiniplex_staircase_pool_2, grunt_megastairs_5
Lair:5:   hellmonk_lair_end_abyssal_woods, layout_regular_city,
          minmay_slime_entry_jelly_boxes, minmay_lair_drake_nest
Shoals:1: layout_shoals, nicolae_shoals_spring_well_temple
Shoals:2: layout_shoals, nicolae_shoals_hunting_party
Shoals:3: layout_shoals, serial_shops, nicolae_shop_overgrown_old_shop, shop,
          nicolae_shoals_circle_sea_wall
Shoals:4: shoals_end_hangedman, layout_shoals, serial_shops,
          nicolae_shop_pleasant_corner_grove, ebering_ghost_disaster_area
Snake:1:  layout_cave_shapes, minmay_shop_grove, serial_bayou_shore_b
Snake:2:  layout_rooms, portal_ice_cave_entry_pillars_1, grunt_megastairs_4
Snake:3:  gammafunk_sealed_library, layout_chambers, serial_shops,
          bzr_entry_gold, special_room, uniq_donald
Snake:4:  johnstein_snake_rune_scales, layout_cave_town, minmay_shop_star,
          grunt_megastairs_2, uniq_mlioglotl, uniq_vashnia, uniq_aizul
Slime:1:  nicolae_slime_jelly_donut, layout_caves
Slime:2:  layout_caves
Slime:3:  layout_caves
Slime:4:  layout_caves, cheibrodos_slime_lost_civilization_7, uniq_dissolution
Slime:5:  slime_pit_nicolae_royal_road_to_ruin
Orc:1:    layout_diamond_mine, serial_shops, shop,
          nicolae_shop_advertising_works [nicolae_subvault_shop_adworks]
Orc:2:    st_orc_town, layout_diamond_mine, guppyfry_library_mini
Elf:1:    kennysheep_blocky_room, layout_loops_cross, hellmonk_ghost_big_iron,
          hangedman_elf_represent, minmay_elf_necromancy
Elf:2:    nicolae_elf_blades_crystal_corner, layout_gridlike,
          hangedman_elven_pyramids, guppyfry_elf_castle, uniq_zenata
Elf:3:    minmay_elf_hall_dome, layout_gridlike
Vaults:1: vaults_dpeg_doors, nicolae_vaults_spaceships, ontoclasm_vaults_eye,
          v_alt_pattern_2, nicolae_vaults_tetromino_Z_1, nicolae_vaults_two_Ls,
          nicolae_vaults_weapon_check, v_misc_11, vaults_room_fancy_cross,
          nicolae_vaults_closet_pinwheel_2, hangedman_vaults_stretched_pinwheel,
          nicolae_vaults_little_squares_2, nicolae_vaults_apartment_1,
          layout_vaults_omnicross, uniq_saint_roka
Vaults:2: lightli_enter_wizlab_magi_temple, ontoclasm_vaults_ring_square,
          nicolae_vaults_surprise_closet, nicolae_vaults_storage_closets_1,
          v_alt_pattern_4, ontoclasm_vaults_gateway, nicolae_vaults_apartment_2,
          nicolae_vaults_two_Ls, vaults_standard_mumra_enter_the_diamond,
          nicolae_vaults_cochlea, grunt_vaults_hallway_short,
          layout_vaults_quadrants, serial_shops, nicolae_shop_stone
Vaults:3: nicolae_vaults_more_shelving_1, vaults_dpeg_encased_lava, v_rooms_2,
          minmay_crypt_entry_nasty_monster, nicolae_vaults_door_testing_chamber,
          v_misc_23, nicolae_vaults_heist, v_misc_10, ontoclasm_vaults_shuriken,
          layout_vaults_big_room, serial_shops, shop
Vaults:4: nicolae_vaults_windows_and_doors_thing, nicolae_vaults_what_the_h,
          nicolae_vaults_lopsided_apartments, nicolae_vaults_network_barrier,
          v_misc_2, ontoclasm_vaults_hangar, nicolae_vaults_heart-shaped_vault,
          v_misc_22, vaults_room_corners, nicolae_vaults_tetromino_Z_1,
          nicolae_vaults_trapezoid_lopsided_4, nicolae_vaults_tetromino_Z_1,
          layout_vaults_omnibox, serial_shops, shop_fountains
Depths:1: layout_basic, nicolae_abyss_entry_one_way_or_another, hellmouth_3,
          cheibrodos_ashenzari_chains, st_stairs_12, uniq_bai_suzhen
Depths:2: mu_elemental_laboratory, layout_gridlike, enter_ziggurat_f,
          infiniplex_staircase_hallway_doors, abyss_entry_crystal, hell_entry,
          pan_entry, uniq_norris
Depths:3: minmay_the_grid_octo_2x2 [minmay_the_grid_octo_fat_diamond,
          minmay_the_grid_octo_teeth, minmay_the_grid_octo_fan_narrow,
          minmay_the_grid_octo_prize_ultimate_mussel_roller], layout_honeycomb,
          pan_entry, hell_entry, abyss_entry_small_statue_room,
          nicolae_ru_path_of_blood
Depths:4: grunt_crosshair, layout_basic, abyss_entry_flame_altar, pan_entry,
          serial_shops, bzr_entry_water, gammafunk_ghost_split, hell_entry
Zot:1:    layout_gridlike, st_single_dragon_hoard_3, uniq_vv
Zot:2:    lemuel_acid_trip, layout_onion_interference
Zot:3:    layout_gridville, skrybe_zot_glass_3
Zot:4:    grunt_twist_and_shout, layout_onion_interference
Zot:5:    layout_gridlike

Skill      XL: |  1  2  3  4  5  6  7  8  9 10 11 12 13 14 15 16 17 18 19 20 21 22 23 24 25 26 27 |
---------------+----------------------------------------------------------------------------------+-----
Unarmed Combat | 4 5 6 7 8 10 11 13 14 15 16 18 19 20 22 24 25 26 27 | 27.0
Shapeshifting  | 5 6 7 8 9 10 11 12 13 14 15 16 17 18 19 20 21 22 24 25 | 25.0
Dodging        | 3 5 7 9 10 12 13 14 15 16 17 18 19 20 21 22 23 24 | 24.9
Fighting       | 2 4 6 7 8 11 13 14 15 16 17 18 19 20 21 22 23 | 23.3
Evocations     | 1 4 5 6 7 8 10 11 12 | 12.0
Stealth        | 1 5 |  5.0
Spellcasting   | 3 4 |  4.0
Translocations | 2 5 6 7 |  7.0
Throwing       | 4 9 12 | 12.0
Shields        | 9 15 16 17 | 17.8

Action                     |  1- 3 |  4- 6 |  7- 9 | 10-12 | 13-15 | 16-18 | 19-21 | 22-24 | 25-27 || total
---------------------------+-------+-------+-------+-------+-------+-------+-------+-------+-------++-------
  Melee: Unarmed           |    81 |   116 |   431 |   631 |  1110 |  1160 |   931 |  1259 |  1395 ||  7114
         Punch             |     5 |     2 |     2 |     3 |    96 |   133 |   153 |   255 |    31 ||   680
         Constrict         |       |       |       |       |    18 |       |       |       |       ||    18
         Tailslap          |       |       |       |       |     9 |    16 |    17 |     5 |       ||    47
  Throw: Stone             |     3 |     5 |       |       |       |       |       |       |       ||     8
         Throwing net      |       |     2 |       |     1 |       |       |       |       |       ||     3
         Dart              |       |       |       |    15 |       |       |       |       |       ||    15
         Javelin           |       |       |       |     1 |       |       |       |     9 |    13 ||    23
         Boomerang         |       |       |       |       |     7 |     7 |       |       |       ||    14
   Cast: Lesser Beckoning  |       |       |       |       |     1 |    58 |    81 |    24 |     9 ||   173
         Passwall          |       |       |       |       |       |       |       |     2 |       ||     2
         Blink             |       |       |       |       |       |       |       |     2 |       ||     2
 Invoke: Serpent's Lash    |       |       |       |       |     1 |     1 |       |       |     4 ||     6
         Heavenly Storm    |       |       |       |       |       |       |       |       |     1 ||     1
Ability: Lunge             |       |     2 |    28 |    39 |    77 |    76 |    63 |    78 |    84 ||   447
         Whirlwind         |       |       |    37 |    24 |    99 |   209 |    97 |   176 |   258 ||   900
         Wall Jump         |       |       |     1 |       |     1 |       |     1 |     3 |     2 ||     8
  Evoke: Wand              |       |       |       |    17 |     1 |     8 |       |       |    14 ||    40
         Phantom mirror    |       |       |       |       |       |       |       |     1 |     2 ||     3
         Sack of spiders   |       |       |       |       |       |       |       |       |     4 ||     4
         Lightning rod     |       |       |       |       |       |       |       |       |     1 ||     1
         Phial of floods   |       |       |       |       |       |       |       |       |     1 ||     1
    Use: Scroll            |       |     3 |     7 |     3 |    10 |     4 |       |     4 |    27 ||    58
         Potion            |       |     1 |       |    10 |     4 |     1 |     1 |     3 |    16 ||    36
   Stab: Sleeping          |       |       |       |       |     9 |    11 |     4 |    22 |     3 ||    49
         Distracted        |       |       |       |       |     7 |     2 |     3 |     4 |     7 ||    23
         Confused          |       |       |       |       |       |       |       |     3 |       ||     3
         Held in net/web   |       |       |       |       |       |       |       |       |     4 ||     4
 Armour: Ring mail         |    26 |    55 |   210 |    64 |       |       |       |       |       ||   355
         Animal skin       |     1 |       |       |       |       |       |       |       |       ||     1
         Skin              |       |     1 |     6 |    23 |   183 |   675 |   534 |   572 |   633 ||  2627
         Steam dragon scal |       |       |       |   116 |       |       |       |       |       ||   116
         Troll leather arm |       |       |       |   152 |   215 |       |       |       |       ||   367
         Leather armour    |       |       |       |       |    20 |       |       |       |       ||    20
  Dodge: Dodged            |    33 |    49 |   174 |   423 |   688 |  1300 |   841 |  1236 |  1191 ||  5935
  Block: Kite shield       |       |       |       |       |       |       |       |       |   736 ||   736
         Reflection        |       |       |       |       |       |       |       |       |    27 ||    27
   Form: Flux              |       |       |     1 |     2 |       |       |       |       |       ||     3
         Beast             |       |       |       |     2 |       |       |       |       |       ||     2
         Blade             |       |       |       |       |     1 |       |       |       |       ||     1
         Anaconda          |       |       |       |       |     1 |       |       |       |       ||     1
         Statue            |       |       |       |       |     1 |       |       |       |       ||     1

Table legend: (Time is in decaauts)
 A = Elapsed time spent in this place.
 B = Non-inter-level travel time spent in this place.
 C = Inter-level travel time spent in this place.
 D = Time resting spent in this place.
 E = Time spent auto-exploring this place.
 F = Levels seen in this place.
 G = Mean time per level.
                   A        B        C        D        E       F      G
               +--------+--------+--------+--------+--------+-----+--------+
         Total |  80999 |  71983 |   9016 |  10309 |  45309 |  58 | 1396.5 |
       Dungeon |  21012 |  17010 |   4002 |   2410 |  11168 |  15 | 1400.8 |
        Temple |     18 |     10 |      8 |      0 |      0 |   1 |   18.0 |
          Lair |   8283 |   6835 |   1448 |   1101 |   3896 |   5 | 1656.6 |
        Shoals |   4850 |   4605 |    245 |    172 |   3317 |   4 | 1212.5 |
     Snake Pit |   7389 |   6649 |    740 |    638 |   4612 |   4 | 1847.2 |
    Slime Pits |   4456 |   4101 |    355 |    766 |   2071 |   5 |  891.2 |
  Orcish Mines |   3260 |   2653 |    607 |     99 |   1720 |   2 | 1630.0 |
   Elven Halls |   5437 |   5242 |    195 |    979 |   3274 |   3 | 1812.3 |
        Vaults |   7696 |   7297 |    399 |    240 |   5884 |   4 | 1924.0 |
        Depths |   7232 |   6568 |    664 |    940 |   4434 |   4 | 1808.0 |
           Zot |   9241 |   8893 |    348 |   2208 |   4407 |   5 | 1848.2 |
        Bazaar |    187 |    187 |      0 |      0 |    165 |   2 |   93.5 |
       Ossuary |    295 |    295 |      0 |      0 |    135 |   1 |  295.0 |
      Ice Cave |    895 |    895 |      0 |    590 |      0 |   1 |  895.0 |
       Volcano |    256 |    256 |      0 |    163 |      0 |   1 |  256.0 |
        Wizlab |    486 |    486 |      0 |      0 |    222 |   1 |  486.0 |
               +--------+--------+--------+--------+--------+-----+--------+

Top non-repeatable levels by time:
   Elf:3: 3005 daAuts
 Snake:4: 2775 daAuts
   Zot:5: 2685 daAuts
    D:12: 2358 daAuts
   Zot:3: 2251 daAuts
    D:15: 2146 daAuts
Depths:3: 2011 daAuts
Vaults:1: 2006 daAuts
 Snake:3: 1991 daAuts
  Lair:5: 1987 daAuts
Vaults:2: 1965 daAuts
   Orc:2: 1913 daAuts
Depths:4: 1886 daAuts
Vaults:4: 1870 daAuts
Vaults:3: 1854 daAuts
